 Dungeon Crawl Stone Soup version 0.21.1-1-g345015f (webtiles) character file.

95 thiefofnight the Sneak (level 4, 0/34 HPs)
             Began as a Merfolk Assassin on Apr 28, 2018.
             Succumbed to a kobold's poison
             ... on level 3 of the Dungeon.
             The game lasted 00:17:57 (2856 turns).

thiefofnight the Sneak (Merfolk Assassin)           Turns: 2856, Time: 00:17:58

Health: 0/34       AC:  4    Str: 11    XL:     4   Next: 66%
Magic:  4/4        EV: 13    Int: 10    God:
Gold:   110        SH:  0    Dex: 16    Spells: 3/3 levels left

rFire    . . .     SeeInvis .   a - +3 dagger
rCold    . . .     Gourm    .   (no shield)
rNeg     . . .     Faith    .   c - +0 robe
rPois    .         Spirit   .   (no helmet)
rElec    .         Reflect  .   d - +1 cloak
rCorr    .         Harm     .   (no gloves)
MR       .....                  (no boots)
Stlth    +++.......             (no amulet)
HPRegen  0.11/turn              (no ring)
MPRegen  0.09/turn              (no ring)

@: lethally poisoned (0 -> -10), flying
A: change form in water, swift swim, stealthy swim
a: no special abilities


You were on level 3 of the Dungeon.
You were not hungry.

You visited 1 branch of the dungeon, and saw 3 of its levels.

You collected 110 gold pieces.

Inventory:

Hand Weapons
 a - a +3 dagger (weapon)
 b - a +0 blowgun
 k - a +1 falchion of freezing
 l - a cursed -1 club
 m - a +0 dagger
 p - a +0 dagger
 t - a +0 dagger
Missiles
 e - 43 poisoned needles
 f - 2 curare-tipped needles
Armour
 c - a +0 robe (worn)
 d - a +1 cloak (worn)
 i - a +0 leather armour
 o - a +0 leather armour
 r - a +1 cloak
Jewellery
 n - an uncursed ring of magical power {unknown}
 s - a cursed ring of teleportation {unknown}
Scrolls
 j - a scroll of immolation
 u - a scroll of remove curse
Comestibles
 g - 2 rations
 h - 2 chunks of flesh


   Skills:
 + Level 2.6 Fighting
 + Level 3.4 Short Blades
 - Level 2.0 Throwing
 + Level 2.5 Dodging
 * Level 5.7 Stealth


You had 3 spell levels left.
You didn't know any spells.

Dungeon Overview and Level Annotations

Branches:
Dungeon (3/15)

Altars:


Message History

The howler monkey howls!
You hit the jackal but do no damage.
The jackal is severely wounded.
* * * LOW HITPOINT WARNING * * *
You feel sick. The jackal barely misses you.
The kobold unwields an uncursed blowgun.
The kobold closely misses you.
You hit the jackal.
The jackal is almost dead.
* * * LOW HITPOINT WARNING * * *
You feel sick.
The jackal bites you but does no damage.
The howler monkey hoots and howls with incredible vigour!
You hear a shout!
* * * LOW HITPOINT WARNING * * *
You feel sick. The jackal bites you.
* * * LOW HITPOINT WARNING * * *
You closely miss the jackal.
The jackal is almost dead.
You die...

#######.# #.# . ......#>#
#.# .. ......#.#
#.######...
......#.######..........
........รท...............
......#<................
......#.......##.####..b
......#.########)#
#######.# #@# #.# #h##
#.# ######Kh##
#.###oh...o..#
#.##.######.##
..#.##..(## .# ..h..h.K##
.h h...##)## ... .o #..
...>


You could see a howler monkey, an orc, 2 jackals and a kobold (inner flame).

Vanquished Creatures
  3 adders (D:2)
  2 oozes
  2 worms (D:2)
  A dart slug (D:1)
  2 leopard geckos (D:2)
  An orc (D:3)
  A giant cockroach (D:3)
  6 goblins (D:2)
  8 hobgoblins
  8 kobolds
  A ball python (D:1)
  5 bats
  5 frilled lizards
  9 rats
54 creatures vanquished.

Notes
Turn   | Place    | Note
-------+----------+-------------------------------------------
     0 | D:1      | thiefofnight the Merfolk Assassin began the quest for the Orb.
     0 | D:1      | Reached XP level 1. HP: 16/16 MP: 1/1
   486 | D:1      | Reached XP level 2. HP: 13/22 MP: 2/2
   687 | D:1      | Reached skill level 5 in Stealth
   979 | D:1      | Reached XP level 3. HP: 20/28 MP: 3/3
  1971 | D:2      | Reached XP level 4. HP: 19/34 MP: 4/4
  2855 | D:3      | HP: 1/34 [jackal (1)]
  2856 | D:3      | Succumbed to a kobold's poison

Skill      XL: |  1  2  3 |
---------------+----------+-----
Stealth        | 5 |  5.7
Dodging        | 2 |  2.5
Short Blades   | 3 |  3.4
Fighting       | |  2.6
Throwing       | |  2.0

Action                   |  1- 3 |  4- 6 || total
-------------------------+-------+-------++-------
Melee: Dagger            |   143 |   105 ||   248
  Use: Scroll            |     4 |     9 ||    13
       Potion            |     2 |     1 ||     3
 Stab: Sleeping          |     6 |     1 ||     7
       Distracted        |       |     2 ||     2
  Eat: Chunk             |     3 |     3 ||     6
Armor: Robe              |    31 |    12 ||    43
Dodge: Dodged            |    75 |    32 ||   107
